 Dungeon Crawl Stone Soup version 0.16.1-51-g6203257 (webtiles) character file.

1262 poirepourri the Chopper (level 8, -4/76 HPs)
             Began as a Deep Dwarf Berserker on Aug 4, 2015.
             Was a Believer of Trog.
             Slain by a goliath beetle (18 damage)
             ... on level 6 of the Dungeon.
             The game lasted 00:10:28 (4081 turns).

poirepourri the Chopper (Deep Dwarf Berserker)      Turns: 4081, Time: 00:10:28

Health: -4/76      AC: 15    Str: 23    XL:     8   Next: 27%
Magic:  8/8        EV: 10    Int:  8    God:    Trog [**....]
Gold:   378        SH:  0    Dex: 12    Spells: 0 memorised, 7 levels left

rFire  + . .     SeeInvis .     a - +2 hand axe
rCold  . . .     Clarity  .     i - +4 chain mail
rNeg   . . .     SustAb   .     (no shield)
rPois  .         Gourm    .     (no helmet)
rElec  .         Spirit   .     (no cloak)
rCorr  .         Warding  .     (no gloves)
rMut   .         Stasis   .     (no boots)
MR     +++..                    (no amulet)
Stlth  ..........               x - ring of protection from fire
                                j - +1 ring of protection

@: exhausted, non-regenerating, slowed, very slow, extremely resistant to
hostile enchantments, extremely unstealthy
A: damage resistance, recharge devices, sense surroundings 1, slow healing 3
a: Device Recharging, Burn Spellbooks, Berserk, Trog's Hand, Renounce Religion


You were on level 6 of the Dungeon.
You worshipped Trog.
Trog was pleased with you.
You were not hungry.

You visited 1 branch of the dungeon, and saw 6 of its levels.

You collected 378 gold pieces.

Inventory:

Hand weapons
 a - a +2 hand axe (weapon)
Armour
 b - a +0 animal skin
 i - a +4 chain mail (worn)
Jewellery
 j - a +1 ring of protection (left hand)
 x - a ring of protection from fire (right hand)
Magical devices
 c - a wand of heal wounds (4)
 e - a wand of digging (6)
 l - a wand of frost (33)
 A - a wand of random effects (35)
Scrolls
 k - a scroll of immolation
 n - a scroll of noise
 o - 2 scrolls of remove curse
 r - 3 scrolls of identify
 u - 2 scrolls of fog
 v - 3 scrolls of random uselessness
 w - 2 scrolls of teleportation
Potions
 g - 2 potions of curing
 m - a potion of agility
 s - 2 potions of haste
 t - a potion of restore abilities
 z - a potion of beneficial mutation {unknown}
 B - a potion of invisibility {unknown}
Books
 y - a Grand Grimoire {highlevel, unknown}

   This book is beyond your current level of understanding.

   Spells                             Type                      Level
   a - Aura of Abjuration             Summoning                    6
   b - Summon Greater Demon           Summoning                    7
   c - Malign Gateway                 Summoning/Translocation      7
   d - Summon Horrible Things         Summoning                    8
   Trog disapproves of the use of such an item.
Comestibles
 d - 4 bread rations
 h - 2 meat rations
 p - 3 fruits
 q - a royal jelly


   Skills:
 * Level 6.0 Fighting
 + Level 6.4 Axes
 + Level 5.7 Armour
 + Level 4.5 Dodging
 + Level 1.1 Stealth
 + Level 0.4 Evocations


You had 7 spell levels left.
You didn't know any spells.

Dungeon Overview and Level Annotations

Branches:
Dungeon (6/15)
 Temple: D:4-7

Altars:
Makhleb
Nemelex Xobeh
Zin


Innate Abilities, Weirdness & Mutations

You are resistant to damage.
You can recharge devices by infusing magical energy.
You passively map a small area around you.
You do not heal naturally.


Message History

You pass out from exhaustion.
You feel yourself slow down.
The goblin hits you but does no damage. x2
The goliath beetle bites you.
You can move again.
You barely miss the goliath beetle.
The goliath beetle is severely wounded.
You hit the goblin.
You kill the goblin!
Trog accepts your kill. The goliath beetle bites you!!
* * * LOW HITPOINT WARNING * * *
Unknown command.
You barely miss the goliath beetle.
The goliath beetle is severely wounded.
Unknown command.
You hit the goliath beetle but do no damage.
The goliath beetle is severely wounded.
The goliath beetle bites you!!
You die...

####....., ...[ ,
....#.# * ..!.,
####...#**,##..# * *
#.....## #....* * ,
##.##..)###.##.##* #
#...#..#)#.##...# .# ,
* .###...##..##...##.#
,** .#
##..###....)).).##.##.
, ## #.##
#...).B@........ , #
*#.# ##........###...
.#* .># ###...##..(.,
#.. ... #...#*####.. ,
###. . ##.## * , # *
#.# * * # #.. , , ####
, ,


You could see a goliath beetle.

Vanquished Creatures
  A troll (D:5)
  An orc warrior (D:5)
  2 ogres
  Duvessa (D:6)
  A water moccasin skeleton (D:5)
  Dowan (D:6)
  3 hounds
  A gnoll shaman (D:4)
  Crazy Yiuf (D:2)
  2 orc priests
  A worker ant (D:5)
  2 giant frog skeletons
  4 orc wizards
  5 adders
  5 gnolls (D:4)
  A worker ant zombie (D:6)
  A shadow imp (D:5)
  3 worms
  An ooze (D:3)
  15 orcs
  3 giant cockroaches
  12 goblins
  10 hobgoblins
  14 jackals
  2 quokkas
  9 bats
  A giant gecko (D:1)
  A giant gecko skeleton (D:4)
  5 giant newts
  11 kobolds
  3 orc zombies (D:5)
  A quokka skeleton (D:4)
  9 rats
133 creatures vanquished.

Notes
Turn   | Place    | Note
--------------------------------------------------------------
     0 | D:1      | poirepourri, the Deep Dwarf Berserker, began the quest for the Orb.
     0 | D:1      | Reached XP level 1. HP: 20/20 MP: 1/1
   342 | D:1      | Reached XP level 2. HP: 26/28 MP: 2/2
   389 | D:1      | Found a sparkling altar of Nemelex Xobeh.
   849 | D:2      | Acquired Trog's second power
   864 | D:2      | Reached XP level 3. HP: 23/34 MP: 3/3
   918 | D:2      | Found a glowing silver altar of Zin.
  1020 | D:2      | Noticed Crazy Yiuf
  1039 | D:2      | Killed Crazy Yiuf
  1077 | D:2      | Reached XP level 4. HP: 37/44 MP: 4/4
  1885 | D:3      | Reached skill level 4 in Fighting
  1904 | D:3      | Reached XP level 5. HP: 50/50 MP: 5/5
  1919 | D:3      | Reached skill level 1 in Stealth
  1942 | D:3      | Found a burning altar of Makhleb.
  2359 | D:4      | Noticed an ogre
  2368 | D:4      | Killed an ogre
  2368 | D:4      | Reached XP level 6. HP: 58/58 MP: 6/6
  2442 | D:4      | Reached skill level 5 in Axes
  2655 | D:4      | Reached skill level 5 in Fighting
  2655 | D:4      | Reached XP level 7. HP: 56/67 MP: 7/7
  2923 | D:5      | Entered Level 5 of the Dungeon
  2923 | D:5      | Noticed a troll
  2936 | D:5      | Killed a troll
  3200 | D:5      | Reached skill level 5 in Armour
  3452 | D:5      | Reached skill level 6 in Axes
  3453 | D:5      | Reached XP level 8. HP: 69/75 MP: 8/8
  4050 | D:6      | Noticed Duvessa
  4065 | D:6      | Noticed Dowan
  4067 | D:6      | Killed Duvessa
  4073 | D:6      | Killed Dowan
  4081 | D:6      | Slain by a goliath beetle

Action                   |  1- 3 |  4- 6 |  7- 9 || total
-------------------------+-------+-------+-------++-------
Melee: Hand axe          |   105 |   238 |   144 ||   487
Invok: Trog's Hand       |     1 |     6 |     7 ||    14
       Berserk           |     1 |     2 |     3 ||     6
Evoke: Wand              |       |       |     4 ||     4
  Use: Scroll            |     2 |    10 |     2 ||    14
       Potion            |       |     5 |       ||     5
 Stab: Invisible         |     1 |       |       ||     1
  Eat: Bread ration      |     1 |       |       ||     1
       Pizza             |     1 |       |       ||     1
       Beef jerky        |       |     1 |     2 ||     3
       Meat ration       |       |     1 |     1 ||     2
       Fruit             |       |     1 |       ||     1
